 Dungeon Crawl Stone Soup version 0.24.0-29-g8ce449bc06 (webtiles) character file.

Game seed: 5039750874032541246, levelgen mode: deterministic

48 Matador8 the Grasshopper (level 3, -7/32 HPs)
             Began as a Naga Warper on Nov 16, 2019.
             Mangled by a gnoll
             ... wielding a +0 flail
              (9 damage)
             ... on level 2 of the Dungeon.
             The game lasted 00:06:12 (1966 turns).

Matador8 the Grasshopper (Naga Warper)              Turns: 1966, Time: 00:06:13

Health: -7/32      AC:  2    Str: 14    XL:     3   Next: 72%
Magic:  3/6        EV:  9    Int: 13    God:
Gold:   88         SH:  0    Dex: 10    Spells: 4/6 levels left

rFire    . . .     SeeInvis +   a - +0 mace
rCold    . . .     Gourm    .   (no shield)
rNeg     . . .     Faith    .   b - +0 leather armour
rPois    +         Spirit   .   (no helmet)
rElec    .         Reflect  .   (no cloak)
rCorr    .         Harm     .   (no gloves)
MR       .....                  (no barding)
Stlth    ++........             (no amulet)
HPRegen  0.10/turn              (no ring)
MPRegen  0.10/turn              (no ring)

@: very slow
A: large, see invisible, deformed body, poison resistance, slowness 2, slow
metabolism 1, spit poison 1, AC +1
a: Spit Poison


You were on level 2 of the Dungeon.
You were not hungry.

You visited 1 branch of the dungeon, and saw 2 of its levels.

You collected 88 gold pieces.

Inventory:

Hand Weapons
 a - a +0 mace (weapon)
Missiles
 e - 4 boomerangs of dispersal (quivered)
 n - 4 atropa-tipped darts
Armour
 b - a +0 leather armour (worn)
Jewellery
 c - an uncursed ring of resist corrosion {unknown}
Scrolls
 h - a scroll of enchant weapon {unknown}
 i - a scroll of noise {unknown}
 k - 2 scrolls of identify {unknown}
 l - a scroll of teleportation {unknown}
 q - a scroll of immolation {unknown}
Potions
 d - a potion of degeneration {unknown}
 g - 3 potions of agility {unknown}
 j - a potion of invisibility {unknown}
 m - a potion of resistance {unknown}
 o - a potion of heal wounds {unknown}
 p - a potion of lignification {unknown}
Comestibles
 f - 3 rations
 r - a chunk of flesh


   Skills:
 - Level 2.0 Fighting
 * Level 2.6 Maces & Flails
 - Level 1.5 Throwing
 - Level 0.7 Armour
 - Level 1.5 Dodging
 + Level 2.4 Stealth
 - Level 2.4 Spellcasting
 + Level 3.0 Translocations


You had 4 spell levels left.
You knew the following spells:

 Your Spells              Type           Power        Failure   Level  Hunger
a - Blink                 Tloc           N/A          13%         2    ###....

Your spell library contained the following spells:

 Spells                   Type           Power        Failure   Level  Hunger
 Shroud of Golubria       Chrm/Tloc      #.....       26%         2    ###....
 Gell's Gravitas          Tloc           #.........   26%         3    ###....
 Lesser Beckoning         Tloc           #.........   26%         3    ###....
 Teleport Other           Tloc           #.......     26%         3    ###....
 Passage of Golubria      Tloc           N/A          65%         4    #####..


Dungeon Overview and Level Annotations

Branches:
Dungeon (2/15)

Altars:


Innate Abilities, Weirdness & Mutations

You cannot wear boots.
Your serpentine skin is tough. (AC +1)
You have supernaturally acute eyesight. (SInv)
Armour fits poorly on your strangely shaped body.
Your system is resistant to poisons. (rPois)
You cover ground very slowly.
You have a slow metabolism.
You can spit poison.


Message History

A kobold comes into view.
The kobold shouts!
The gnoll barely misses you. The gnoll completely misses you.
The gnoll barely misses you. The gnoll closely misses you.
The gnoll hits you with a +0 halberd. The gnoll hits you with a +0 flail!
The gnoll barely misses you. The gnoll hits you with a +0 flail!
* * * LOW HITPOINT WARNING * * *
The gnoll hits you but does no damage. The gnoll hits you with a +0 flail!
* * * LOW HITPOINT WARNING * * *
Casting: Blink (safe; 13% risk of failure)
Confirm with . or Enter, or press ? or * to list all spells.
You blink.
Okay, then.
The gnoll closely misses you. The gnoll barely misses you.
You thump the gnoll!
The gnoll is heavily wounded.
The gnoll hits you with a +0 flail!
You die...

...≈≈≈≈≈≈≈≈≈♣.## ##.
##.≈≈≈g≈≈≈≈....###############..
...♣≈≈≈≈≈≈≈.^.+...............).
g...≈≈≈≈≈≈♣..P.#)..........####.
.....≈≈≈≈.P...##...........# #.
.....P≈≈P.....##...........####.
...%P.P.....PP##................
.......####.####.........<......
....... #.Kgg@................
....... ############..........
....... #.......... #######
####.......... #....)........
#.###......... #.# ##########
####<############
#................


You could see 2 gnolls and a kobold.

Vanquished Creatures
  A gnoll (D:1)
  An adder (D:2)
  A dart slug (D:1)
  2 worms
  A ball python (D:2)
  3 bats
  A giant cockroach (D:2)
  4 goblins
  A hobgoblin (D:1)
  A quokka (D:2)
  4 kobolds
  3 rats
23 creatures vanquished.

Notes
Turn   | Place    | Note
-------+----------+-------------------------------------------
     0 | D:1      | Matador8 the Naga Warper began the quest for the Orb.
     0 | D:1      | Reached XP level 1. HP: 19/19 MP: 3/3
    28 | D:1      | Reached skill level 1 in Throwing
    28 | D:1      | Reached skill level 1 in Stealth
    28 | D:1      | Reached XP level 2. HP: 12/26 MP: 5/5
  1176 | D:1      | Reached XP level 3. HP: 32/32 MP: 6/6
  1704 | D:2      | Learned a level 2 spell: Blink
  1966 | D:2      | Mangled by a gnoll

Levels and vault maps discovered:
D:1:      wheals_arrival_shading, layout_loops_cross, hangedman_decor_riveting
D:2:      layout_basic, guppyfry_early_lair_pool

Skill      XL: |  1  2  3 |
---------------+----------+-----
Throwing       | 1 |  1.5
Stealth        | 1 2 |  2.4
Fighting       | |  2.0
Maces & Flails | |  2.6
Armour         | |  0.7
Dodging        | |  1.5
Spellcasting   | |  2.4
Translocations | |  3.0

Action                   || total
-------------------------++-------
Melee: Mace              ||    46
Throw: Boomerang         ||     1
 Cast: Blink             ||     2
 Abil: Spit Poison       ||    23
  Use: Scroll            ||     1
  Eat: Chunk             ||     3
Armor: Leather armour    ||    13
Dodge: Dodged            ||    25
